 Dungeon Crawl Stone Soup version 0.24-a0-201-gf205589 (console) character file.

Game seed: 17355567357200429924

111 bli the Slasher (level 4, 0/31 HPs)
             Began as an Octopode Monk on Mar 23, 2019.
             Succumbed to an adder's poison
             ... on level 3 of the Dungeon.
             The game lasted 00:05:08 (1392 turns).

bli the Slasher (Octopode Monk)                     Turns: 1392, Time: 00:05:09

Health: 0/31       AC:  1    Str: 10    XL:     4   Next: 92%
Magic:  4/4        EV: 15    Int: 12    God:
Gold:   206        SH:  0    Dex: 15    Spells: 3/3 levels left

rFire    . . .     SeeInvis .   a - +0 falchion
rCold    . . .     Gourm    .   (no shield)
rNeg     . . .     Faith    .   (helmet restricted)
rPois    .         Spirit   .   (no amulet)
rElec    .         Reflect  .   (no ring)
rCorr    .         Harm     .   (no ring)
MR       .....                  (no ring)
Stlth    ++++......             (no ring)
HPRegen  0.10/turn              (no ring)
MPRegen  0.09/turn              (no ring)
                                (no ring)
                                (no ring)

@: lethally poisoned (0 -> -2)
A: almost no armour, stealthy swim, amphibious, 8 rings, constrict 8, camouflage
1, gelatinous body 1
a: no special abilities


You were on level 3 of the Dungeon.
You were not hungry.

You visited 1 branch of the dungeon, and saw 3 of its levels.

You collected 206 gold pieces.

Inventory:

Hand Weapons
 a - a +0 falchion (weapon)
 o - a +0 hunting sling
Missiles
 c - 42 stones (quivered)
 e - 30 sling bullets
 s - a throwing net
Jewellery
 n - an uncursed ring of stealth {unknown}
Scrolls
 d - 5 scrolls of identify {unknown}
 h - a scroll of blinking {unknown}
 k - a scroll of enchant armour {unknown}
 l - a scroll of fear {unknown}
 m - a scroll of remove curse {unknown}
 q - a scroll of immolation {unknown}
 r - a scroll of teleportation {unknown}
 v - a scroll of magic mapping {unknown}
Potions
 g - a potion of flight {unknown}
 i - a potion of cancellation {unknown}
 j - a potion of magic {unknown}
 p - a potion of ambrosia {unknown}
 t - 3 potions of mutation {unknown}
 u - a potion of brilliance {unknown}
 w - a potion of curing {unknown}
Comestibles
 b - 5 rations
 f - 3 chunks of flesh


   Skills:
 - Level 3.0 Fighting
 * Level 5.0 Long Blades
 + Level 3.6 Dodging
 - Level 2.6 Stealth


You had 3 spell levels left.
You didn't know any spells.
Your spell library was empty.

Dungeon Overview and Level Annotations

Branches:
Dungeon (3/15)

Altars:


Innate Abilities, Weirdness & Mutations

You cannot wear most types of armour.
You are very stealthy in the water. (Stealth+)
You are amphibious.
You can wear up to eight rings at the same time.
You can use your tentacles to constrict eight enemies at once.
Your skin changes colour to match your surroundings (Stealth+).
Your rubbery body absorbs attacks. (AC +1, EV +1)


Message History

The goblin shoots a stone.
The stone closely misses you.
You hear a splash.
The goblin unwields a +0 hunting sling.
The goblin splashes around in the water.
You feel sick.
The goblin unwields a +0 hunting sling.
The goblin splashes around in the water.
The goblin hits you.
* * * LOW HITPOINT WARNING * * *
You hit the goblin but do no damage. Your grab misses the goblin.
The goblin hits you.
* * * LOW HITPOINT WARNING * * *
The goblin hits you.
* * * LOW HITPOINT WARNING * * *
You closely miss the goblin. You grab the goblin. You squeeze the goblin.
You kill the goblin!
You hear a splash. x2
The goblin splashes around in the water.
You slash the goblin!
You kill the goblin!
You hear a splash. x2
You die...

#.........#
#.##.####.# #.##.#
#.##.## # +####
#.##..# .#
.....###(###.###.##
...................
...................
≈...≈.≈≈..≈≈≈.≈....
≈≈≈≈≈≈≈≈≈≈)))≈≈....
≈≈≈≈≈≈≈(≈(@≈≈≈≈....
≈≈≈≈≈(≈≈((≈≈≈≈.....
################++#


There were no monsters in sight!

Vanquished Creatures
  3 adders
  4 worms (D:2)
  A dart slug (D:1)
  4 leopard geckos
  A giant cockroach (D:1)
  19 goblins
  7 hobgoblins (D:2)
  4 jackals (D:1)
  7 kobolds
  3 bats
  4 frilled lizards
  4 rats
61 creatures vanquished.

Notes
Turn   | Place    | Note
-------+----------+-------------------------------------------
     0 | D:1      | bli the Octopode Monk began the quest for the Orb.
     0 | D:1      | Reached XP level 1. HP: 16/16 MP: 1/1
   117 | D:1      | Reached XP level 2. HP: 18/21 MP: 2/2
   627 | D:1      | Reached XP level 3. HP: 26/26 MP: 3/3
   821 | D:2      | Reached skill level 4 in Long Blades
  1059 | D:2      | Reached XP level 4. HP: 31/31 MP: 4/4
  1387 | D:3      | Reached skill level 5 in Long Blades
  1389 | D:3      | HP: 1/31 [goblin (3)]
  1392 | D:3      | Succumbed to an adder's poison

Levels and vault maps discovered:
D:1:      minmay_arrival_four_loops, layout_basic, chequers_garden,
          nrook_mini_backslash, nrook_loot_triangle
D:2:      cheibrodos_greedy_goblins, layout_basic
D:3:      minmay_goblin_kobold_castle, layout_loops_corners,
          lemuel_doored_altar, first_ration, kennysheep_generic_room_5,
          uniq_robin

Skill      XL: |  1  2  3  4 |
---------------+-------------+-----
Long Blades    | 4 5 |  5.0
Fighting       | |  3.0
Dodging        | |  3.6
Stealth        | |  2.6

Action                   |  1- 3 |  4- 6 || total
-------------------------+-------+-------++-------
Melee: Falchion          |    67 |    39 ||   106
       Constrict         |    21 |    14 ||    35
       Tentacles         |    14 |    14 ||    28
 Stab: Sleeping          |     9 |     2 ||    11
  Eat: Chunk             |       |     2 ||     2
Armor: Skin              |     4 |     2 ||     6
Dodge: Dodged            |    43 |    25 ||    68
       Rpst.: Falchion   |    10 |     8 ||    18

Table legend:
 A = Non-vault XP
 B = Vault XP
 C = Vault XP percentage of total XP
 D = Non-vault monster count
 E = Vault monster count
 F = Vault count percentage of total count
                 A         B        C        D         E       F
            +---------+---------+-------+---------+---------+-------
      Total |     123 |      36 |  22.6 |      43 |      18 |  29.5
            +---------+---------+-------+---------+---------+-------
        D:1 |      36 |       0 |   0.0 |      22 |       0 |   0.0
        D:2 |      73 |      28 |  27.7 |      19 |      14 |  42.4
        D:3 |      14 |       8 |  36.4 |       2 |       4 |  66.7
            +---------+---------+-------+---------+---------+-------
